 Dungeon Crawl Stone Soup version 0.31-a0-180-g519b7de00c (webtiles) character file.

Game seed: 12297334070011060555

676 qw the Chopper (level 7, -1/44 HPs)
             Began as a Gargoyle Fighter on June 19, 2023.
             Was an Initiate of Okawaru.
             Slain by a gnoll
             ... wielding a +0 halberd
              (6 damage)
             ... on level 4 of the Dungeon.
             The game lasted 00:02:03 (4236 turns).

qw the Chopper (Gargoyle Fighter)                   Turns: 4236, Time: 00:02:04

Health: -1/44      AC: 13    Str: 20 (21) XL:     7   Next: 60%
Magic:  7/7        EV:  8    Int:  8 (9)  God:    Okawaru [......]
Gold:   129        SH:  4    Dex: 13 (15) Spells: 6/6 levels left

rFire   . . .        Y - +0 war axe
rCold   . . .        c - +0 buckler
rNeg    + . .        e - +0 chain mail
rPois   inf          (helmet restricted)
rElec   +            (no cloak)
rCorr   .            (no gloves)
SInv    .            (no boots)
Will    .....        (no amulet) Stlth
                     n - +6 ring of dexterity
HPRegen 0.27/turn    (no ring)
MPRegen 0.10/turn

%: no passive effects
@: no status effects
A: sickness immunity, AC +4, negative energy resistance 1, electricity
resistance, torment resistance 1, petrification resistance, antennae 1,
deterioration 1
a: Renounce Religion


You were on level 4 of the Dungeon.
You worshipped Okawaru.
Okawaru was noncommittal.
You visited 2 branches of the dungeon, and saw 7 of its levels.
You also visited: Sewer.

You collected 129 gold pieces.


Innate Abilities, Weirdness & Mutations

You are immune to sickness and miasma.
Your stone body is resilient. (AC +4)
You are immune to poison.
You resist negative energy. (rN+)
You are resistant to electric shocks. (rElec)
You are resistant to unholy torment.
You are immune to petrification.
You have a pair of small antennae on your head.
Your body sometimes deteriorates upon taking damage.


   Skills:
 + Level 4.4 Fighting
 - Level 7.0 Axes
 - Level 3.2 Armour
 - Level 1.0 Dodging
 - Level 3.2 Shields


You had 6 spell levels left.
You didn't know any spells.
Your spell library was empty.

Inventory:

Hand Weapons
 q - a +0 flail
 Y - a +0 war axe (weapon)
Armour
 c - a +0 buckler (worn)
 e - a +0 chain mail (worn)
Jewellery
 n - a +6 ring of dexterity (left hand)
Wands
 i - a wand of digging (5)
Scrolls
 o - a scroll of identify
Potions
 a - 3 potions of mutation
 b - a potion of magic
 d - 2 potions of might
 g - a potion of haste {unknown}
 h - a potion of enlightenment {unknown}
 j - a potion of lignification
 l - a potion of resistance {unknown}
 m - 3 potions of curing

Dungeon Overview and Level Annotations

Branches:
Dungeon (6/15)             Temple (1/1) D:4           Sewer (visited)

Altars:
Cheibriados
Dithmenos
Elyvilon
Fedhas
Gozag
Hepliaklqana
Kikubaaqudgha
Makhleb
Nemelex Xobeh
Okawaru
Qazlal
Ru
Sif Muna
Trog
Uskayaw
Vehumet
Wu Jian
Yredelemnul
Zin
The Shining One

Shops:
D:4 *

Annotations:
D:4 Edmund


Message History

Okawaru accepts your kill.
4226 ||| Stepping ~*~*~tactically~*~*~ (hiding).
Enter note:
Enter note:
Enter note:
Enter note:
Enter note:
Enter note: You barely miss Edmund.
Edmund hits you but does no damage.
You closely miss Edmund. The gnoll completely misses you.
Edmund hits you but does no damage.
You barely miss Edmund. The gnoll hits you but does no damage.
Edmund hits you with a +4 flail of protection.
You hit Edmund but do no damage. The gnoll hits you but does no damage.
Edmund hits you with a +4 flail of protection.
Your body deteriorates!
You feel dopey.
4231 ||| DRINKING potion of heal wounds.
You feel much better. The gnoll barely misses you.
Edmund hits you with a +4 flail of protection.
You barely miss Edmund. The gnoll barely misses you.
Edmund hits you with a +4 flail of protection.
You closely miss Edmund. You block the gnoll's attack.
Edmund gestures with his flail.
Edmund hits you with a +4 flail of protection!
The gnoll closely misses you.
Edmund hits you with a +4 flail of protection!
You hit Edmund but do no damage. The gnoll closely misses you.
You block Edmund's attack.
You hit Edmund but do no damage.
The gnoll hits you from afar with a +0 halberd!
You block Edmund's attack.
You barely miss Edmund.
The gnoll hits you from afar with a +0 halberd.
You die...

##....# #.#.#.#....##.#
########>#.#
#...............
...........#
#####.#########
..######.#.# #..# ..
####.%..# ###.######
.###....#..# #........#
.##........######.#.####.#
.#..........:....).#.#
<...............@@###o#
#.........#######g# ##
.##.....##.# #{#
..........o# .#
#####.)###.# . #.o# #.# ##
#..# #.### #o)##...o.
#......#


You could see Edmund and a gnoll.

Vanquished Creatures
  Pargi (Sewer)
  An ogre (D:6)
  A phantom (D:6)
  A scorpion (D:5)
  A bullfrog skeleton (D:6)
  An orc priest (D:4)
  A hound (D:2)
  An iguana (D:4)
  2 orc wizards (D:4)
  3 gnolls (D:4)
  4 adders
  A river rat (D:6)
  2 dart slugs
  18 orcs
  9 endoplasms
  5 giant cockroaches
  7 goblins
  7 hobgoblins
  9 jackals
  4 quokkas
  11 ball pythons
  7 bats
  6 frilled lizards
  4 kobolds
  7 rats
114 creatures vanquished.

Notes
Turn   | Place    | Note
-------+----------+-------------------------------------------
     0 | D:1      | qw the Gargoyle Fighter began the quest for the Orb.
     0 | D:1      | Reached XP level 1. HP: 14/14 MP: 1/1
     0 | D:1      | 0 ||| qw: Version: 0.3-a-7-ge0c9b40
     0 | D:1      | 0 ||| qw: Game counter: 897
     0 | D:1      | 0 ||| qw: Always use a shield: true
     0 | D:1      | 0 ||| qw: God list: Okawaru
     0 | D:1      | 0 ||| qw: Allow faded altars: false
     0 | D:1      | 0 ||| qw: Do Orc after D:15 true
     0 | D:1      | 0 ||| qw: Do second Lair branch before Depths: true
     0 | D:1      | 0 ||| qw: Lair rune preference: random
     0 | D:1      | 0 ||| qw: Plans: Normal, Zot:1-4, Slime:5, God:TSO, Crypt,
                  | Tomb, Abyss, Pan, Hells, Win
     0 | D:1      | 0 ||| PLANNING D:1-11
    65 | D:1      | Reached skill level 2 in Axes
   205 | D:1      | Reached XP level 2. HP: 19/19 MP: 2/2
   797 | D:1      | 797 ||| READING scroll labelled WABIMY JOULOL.
   798 | D:1      | 798 ||| READING scroll labelled XOOQ AGROFFEUMP.
   799 | D:1      | 799 ||| READING scroll labelled GIUNAPT MYMUA.
   800 | D:1      | 800 ||| READING 2 scrolls labelled WAWNOE RUFUI.
   901 | D:1      | 901 ||| DROPPING scroll of silence.
   973 | D:2      | 973 ||| STAIRDANCE
   988 | D:2      | 988 ||| Stepping ~*~*~tactically~*~*~ (stealth).
  1003 | D:2      | Reached skill level 3 in Axes
  1003 | D:2      | Reached XP level 3. HP: 23/23 MP: 3/3
  1034 | D:2      | 1034 ||| Stepping ~*~*~tactically~*~*~ (stealth).
  1051 | D:2      | 1051 ||| DROPPING +0 club.
  1419 | D:2      | 1419 ||| Stepping ~*~*~tactically~*~*~ (stealth).
  1421 | D:2      | Reached XP level 4. HP: 28/28 MP: 4/4
  1434 | D:2      | Reached skill level 4 in Axes
  1482 | D:2      | 1482 ||| Stepping ~*~*~tactically~*~*~ (stealth).
  1759 | D:2      | 1759 ||| UPGRADING to +0 helmet.
  1764 | D:2      | 1764 ||| UPGRADING to +6 ring of dexterity.
  1765 | D:2      | 1765 ||| READING scroll labelled KYIMUNEKENN.
  1769 | D:2      | 1769 ||| DRINKING 2 puce potions.
  1813 | D:2      | 1813 ||| READING 2 scrolls of identify.
  1813 | D:2      | 1813 ||| IDENTIFYING bubbling silvery potion
  1814 | D:2      | 1814 ||| DROPPING potion of brilliance.
  1832 | D:3      | 1832 ||| STAIRDANCE
  1843 | D:3      | 1843 ||| STAIRDANCE
  1855 | D:3      | 1855 ||| STAIRDANCE
  1953 | D:3      | Reached skill level 1 in Dodging
  1955 | D:3      | Reached XP level 5. HP: 27/32 MP: 5/5
  1987 | D:3      | 1987 ||| DROPPING +0 whip of flaming.
  2053 | D:3      | 2053 ||| Stepping ~*~*~tactically~*~*~ (stealth).
  2062 | D:3      | You fall into a shaft and drop 3 floors!
  2063 | D:6      | 2063 ||| PLANNING SEWER
  2090 | D:6      | Noticed an ogre
  2095 | D:6      | HP: 5/32 [ogre/+0 giant club (16)]
  2100 | D:6      | Killed an ogre
  2101 | D:6      | Reached skill level 5 in Axes
  2101 | D:6      | Reached XP level 6. HP: 8/37 MP: 6/6
  2286 | D:6      | Found a glowing drain.
  2288 | D:6      | 2288 ||| Stepping ~*~*~tactically~*~*~ (stealth).
  2289 | D:6      | 2289 ||| UPGRADING to +0 chain mail.
  2299 | D:6      | 2299 ||| UPGRADING to +0 scale mail.
  2304 | D:6      | 2304 ||| UPGRADING to +0 chain mail.
  2314 | D:6      | 2314 ||| DROPPING +0 scale mail.
  2315 | D:6      | 2315 ||| DRINKING 2 fuming sapphire potions.
  2319 | D:6      | 2319 ||| Stepping ~*~*~tactically~*~*~ (water).
  2322 | D:6      | 2322 ||| Stepping ~*~*~tactically~*~*~ (water).
  2350 | Sewer    | Entered a sewer
  2365 | Sewer    | 2365 ||| Stepping ~*~*~tactically~*~*~ (water).
  2430 | Sewer    | Noticed Pargi
  2433 | Sewer    | 2433 ||| Stepping ~*~*~tactically~*~*~ (water).
  2440 | Sewer    | Killed Pargi
  2441 | Sewer    | Reached skill level 6 in Axes
  2441 | Sewer    | Reached XP level 7. HP: 34/43 MP: 7/7
  2490 | Sewer    | 2490 ||| READING scroll labelled MUUSCH FELAZUPA.
  2543 | Sewer    | 2543 ||| DRINKING 2 smoky orange potions.
  2543 | Sewer    | Gained mutation: You have a pair of small antennae on your
                  | head. [potion of mutation]
  2543 | Sewer    | Gained mutation: Your body sometimes deteriorates upon
                  | taking damage. [potion of mutation]
  2544 | Sewer    | 2544 ||| DROPPING +0 helmet.
  2559 | D:6      | 2559 ||| PLANNING D:1-11
  2606 | D:5      | Entered Level 5 of the Dungeon
  2747 | D:5      | 2747 ||| READING 2 scrolls of identify.
  2747 | D:5      | 2747 ||| IDENTIFYING lumpy inky potion
  2814 | D:4      | 2814 ||| DRINKING 3 inky potions.
  3007 | D:3      | 3007 ||| DROPPING +0 mace.
  3784 | D:4      | 3784 ||| Stepping ~*~*~tactically~*~*~ (hiding).
  3786 | D:4      | 3786 ||| Stepping ~*~*~tactically~*~*~ (hiding).
  3787 | D:4      | 3787 ||| Stepping ~*~*~tactically~*~*~ (hiding).
  3788 | D:4      | 3788 ||| Stepping ~*~*~tactically~*~*~ (hiding).
  3789 | D:4      | 3789 ||| Stepping ~*~*~tactically~*~*~ (hiding).
  3790 | D:4      | 3790 ||| Stepping ~*~*~tactically~*~*~ (hiding).
  3804 | D:4      | 3804 ||| Stepping ~*~*~tactically~*~*~ (stealth).
  3805 | D:4      | 3805 ||| Stepping ~*~*~tactically~*~*~ (stealth).
  3812 | D:4      | HP: 1/43 [orc priest/divine providence (15)]
  3813 | D:4      | 3813 ||| READING scroll of teleportation.
  3814 | D:4      | 3814 ||| DRINKING 2 potions of heal wounds.
  3816 | D:4      | 3816 ||| DRINKING 4 potions of curing.
  3816 | D:4      | 3816 ||| (to cure confusion)
  3903 | D:4      | 3903 ||| Stepping ~*~*~tactically~*~*~ (stealth).
  3906 | D:4      | Found Ejyceareff's General Store.
  3911 | D:4      | 3911 ||| Stepping ~*~*~tactically~*~*~ (stealth).
  3913 | D:4      | 3913 ||| Stepping ~*~*~tactically~*~*~ (stealth).
  3920 | D:4      | 3920 ||| SHOPLISTING +1 plate armour "Sinkeniu" {Rampage
                  | Drain rC+ Stlth+} (509 gold, have 129).
  3920 | D:4      | 3920 ||| SHOPLISTING 2 potions of haste (260 gold, have
                  | 129).
  3960 | D:4      | Found a staircase to the Ecumenical Temple.
  3961 | D:4      | 3961 ||| PLANNING TEMPLE
  3974 | Temple   | Entered the Ecumenical Temple
  3975 | Temple   | 3975 ||| PLANNING OKAWARU WORSHIP
  4152 | Temple   | Became a worshipper of Warmaster Okawaru
  4153 | Temple   | 4153 ||| PLANNING D:1-11
  4173 | D:4      | 4173 ||| Stepping ~*~*~tactically~*~*~ (hiding).
  4198 | D:4      | 4198 ||| Stepping ~*~*~tactically~*~*~ (stealth).
  4208 | D:4      | Reached skill level 7 in Axes
  4214 | D:4      | Noticed Edmund
  4226 | D:4      | 4226 ||| Stepping ~*~*~tactically~*~*~ (hiding).
  4230 | D:4      | HP: 10/44 [Edmund/+4 flail of protection (5)]
  4231 | D:4      | 4231 ||| DRINKING potion of heal wounds.
  4235 | D:4      | HP: 5/44 [gnoll/+0 halberd (11)]
  4236 | D:4      | Slain by a gnoll

Levels and vault maps discovered:
D:1:      minmay_arrival_solitary_statue, layout_basic,
          kennysheep_decorative_pillar
D:2:      layout_basic, st_stairs_5
D:3:      corexii_shack_village, layout_basic, serial_co_window_serial,
          co_window_paths_a, co_window_of_opportunity_a,
          co_window_of_opportunity_a, co_window_of_opportunity_a,
          co_window_corner_a, co_window_paths_a, co_window_cross_1,
          co_window_cross_1, co_window_of_opportunity_a, co_window_broadway_b,
          co_window_broadway_c, co_window_unsneaky_path_a, co_window_broadway_b,
          glass_columns_a, glass_columns_a, minivault_27, st_stairs_11
D:4:      layout_loops_ring, minmay_temple_entry_ruins, serial_shops,
          nicolae_shop_hallway_stairs, uniq_crazy_yiuf_cottage, uniq_edmund
D:5:      layout_gridville, grunt_tough_drop
D:6:      layout_loops_ring, cheibrodos_sewer_entry_sluice, serial_undead,
          serial_undead_a, serial_undead_b, serial_undead_f, serial_undead_b,
          serial_undead_b, serial_undead_a, serial_undead_b, uniq_eustachio
Temple:   nicolae_temple_bog_church

Skill      XL: |  1  2  3  4  5  6  7 |
---------------+----------------------+-----
Axes           | 2 3 4 5 6 7 |  7.0
Dodging        | 1 |  1.0
Fighting       | 4 |  4.4
Armour         | |  3.2
Shields        | |  3.2

Action                     |  1- 3 |  4- 6 |  7- 9 || total
---------------------------+-------+-------+-------++-------
  Melee: War axe           |    92 |   112 |   117 ||   321
  Throw: Boomerang         |    17 |    28 |    38 ||    83
    Use: Scroll            |     4 |     2 |     3 ||     9
         Potion            |       |     2 |     5 ||     7
 Armour: Scale mail        |    45 |    42 |       ||    87
         Chain mail        |       |    34 |    64 ||    98
         Skin              |       |     1 |       ||     1
  Dodge: Dodged            |    33 |    63 |    41 ||   137
  Block: Buckler           |    15 |    37 |    24 ||    76

Table legend:
 A = Non-vault XP
 B = Vault XP
 C = Vault XP percentage of total XP
 D = Non-vault monster count
 E = Vault monster count
 F = Vault count percentage of total count
                 A         B        C        D         E       F
            +---------+---------+-------+---------+---------+-------
      Total |     711 |     256 |  26.5 |      90 |      24 |  21.1
            +---------+---------+-------+---------+---------+-------
        D:1 |      25 |       0 |   0.0 |      16 |       0 |   0.0
        D:2 |      98 |      20 |  16.9 |      25 |       5 |  16.7
        D:3 |      33 |      18 |  35.3 |      16 |       8 |  33.3
        D:4 |     234 |       0 |   0.0 |      25 |       0 |   0.0
        D:5 |      85 |       0 |   0.0 |       2 |       0 |   0.0
        D:6 |     236 |      59 |  20.0 |       6 |       4 |  40.0
      Sewer |       0 |     159 | 100.0 |       0 |       7 | 100.0
            +---------+---------+-------+---------+---------+-------
